 Dungeon Crawl Stone Soup version 0.25-a0-1036-g6f112fb28d (webtiles) character file.

Game seed: 13960140670342438658, levelgen mode: deterministic

5 Maedhros the Charlatan (level 1, -6/19 HPs)
             Began as an Octopode Artificer on May 13, 2020.
             Mangled by an orc
             ... wielding a +0 whip of electrocution
              (15 damage)
             ... on level 3 of the Dungeon.
             The game lasted 00:00:34 (104 turns).

Maedhros the Charlatan (Octopode Artificer)          Turns: 104, Time: 00:00:34

Health: -6/19      AC: 20    Str: 11    XL:     1   Next: 80%
Magic:  3/3        EV:  2    Int: 13    God:
Gold:   16         SH:  0    Dex: 12    Spells: 0/0 levels left

rFire    . . .     SeeInvis .   (no weapon)
rCold    . . .     Gourm    .   (no shield)
rNeg     + + +     Faith    .   (helmet currently unavailable)
rPois    +         Spirit   .   (no amulet)
rElec    .         Reflect  .   (no ring)
rCorr    .         Harm     .   (no ring)
MR       .....     NoTele   +   (no ring)
Stlth    ++........             (no ring)
HPRegen  0.06/turn              (no ring)
MPRegen  0.08/turn              (no ring)
                                (no ring)
                                (no ring)

@: lethally poisoned (-6 -> -12), tree-form (expiring)
A: almost no armour, stealthy swim, (amphibious), 8 rings, (constrict 8)
a: no special abilities


You were on level 3 of the Dungeon.
You were not hungry.
You were a tree.
You visited 1 branch of the dungeon, and saw 3 of its levels.

You collected 16 gold pieces.

Inventory:

Wands
 b - a wand of flame (15)
 c - a wand of enslavement (14)
 d - a wand of random effects (15)
Scrolls
 e - a scroll of immolation {unknown}
 g - a scroll of magic mapping {unknown}
 i - a scroll of fear {unknown}
 j - a scroll of identify {unknown}
Comestibles
 f - a ration


   Skills:
 - Level 1.0 Fighting
   Level 1.0 Short Blades
 - Level 2.0 Dodging
 + Level 2.6 Stealth
 - Level 3.2 Evocations


You couldn't memorise any spells.
You didn't know any spells.
Your spell library was empty.

Dungeon Overview and Level Annotations

Branches:
Dungeon (3/15)

Altars:


Innate Abilities, Weirdness & Mutations

You cannot wear most types of armour.
You are very stealthy in the water. (Stealth+)
((You are amphibious.))
You can wear up to eight rings at the same time.
((You can use your tentacles to constrict eight enemies at once.))
((Your skin changes colour to match your surroundings (Stealth+).))
((Your rubbery body absorbs attacks. (AC +1, EV +1)))


Message History

You feel sick. The kobold hits you but does no damage.
A hobgoblin comes into view. It is wielding a +0 club.
Your kobold barely misses the kobold.
The orc barely misses your kobold.
You smack the kobold!
You kill the kobold!
You feel sick. The kobold hits you but does no damage.
You hit the kobold.
You kill the kobold!
You barely miss the frilled lizard.
Your kobold barely misses the frilled lizard.
You miss the frilled lizard.
You feel sick.
The frilled lizard bites you but does no damage.
The orc hits you but does no damage. The orc misses your kobold.
Your kobold closely misses the frilled lizard.
You hit the orc.
The orc is moderately wounded.
The frilled lizard bites you but does no damage.
The orc hits you but does no damage. x2; You are electrocuted!
Ouch! That really hurt!
You die...

#... .. ...# .
......... #..## .#
......... #..###.#
......... . ##.#...#
#........
#.#####....## #.g....#
#.......#...####......
....<.....#.##.ooo#
#..............(♣K#
#........##..#.##l#
.###########....#...
.....##.#... ......[#
.#..... .....<## .#
...# ......# .# ###
...[...# .#


You could see 3 orcs, a hobgoblin, a frilled lizard and a friendly kobold
(charmed).

Vanquished Creatures
  A hobgoblin (D:3)
  2 kobolds (D:3)
  3 rats
6 creatures vanquished.

Notes
Turn   | Place    | Note
-------+----------+-------------------------------------------
     0 | D:1      | Maedhros the Octopode Artificer began the quest for the
                  | Orb.
     0 | D:1      | Reached XP level 1. HP: 13/13 MP: 3/3
    62 | D:1      | You fall into a shaft and drop 1 floor!
   104 | D:3      | Mangled by an orc

Illustrated notes

Levels and vault maps discovered:
D:1:      ncdulo_lavacross, layout_basic
D:2:      minmay_wonky_spiral, layout_loops_ring, minitemple,
          minmay_pentomino_o4, uniq_terence
D:3:      layout_rooms, first_ration, dk_vineyard_2

Skill      XL: |  1 |
---------------+----+-----
Stealth        | 2 |  2.6
Fighting       | |  1.0
Short Blades   | |  1.0
Dodging        | |  2.0
Evocations     | |  3.2

Action                   || total
-------------------------++-------
Melee: Unarmed           ||     9
       Short sword       ||     4
Evoke: Wand              ||     1
  Use: Potion            ||     1
 Stab: Sleeping          ||     1
Armor: Skin              ||    14
Dodge: Dodged            ||     4

Table legend:
 A = Non-vault XP
 B = Vault XP
 C = Vault XP percentage of total XP
 D = Non-vault monster count
 E = Vault monster count
 F = Vault count percentage of total count
                 A         B        C        D         E       F
            +---------+---------+-------+---------+---------+-------
      Total |       8 |       0 |   0.0 |       6 |       0 |   0.0
            +---------+---------+-------+---------+---------+-------
        D:1 |       1 |       0 |   0.0 |       1 |       0 |   0.0
        D:3 |       7 |       0 |   0.0 |       5 |       0 |   0.0
            +---------+---------+-------+---------+---------+-------
